 Dungeon Crawl Stone Soup version 0.25-a0-41-g6cf4ce537d (webtiles) character file.

Game seed: 13439881957886136192, levelgen mode: deterministic

30 Alarkh the Slasher (level 3, 29/29 HPs)
             Began as a Demonspawn Fighter on Oct 21, 2019.
             Got out of the dungeon alive.
             The game lasted 00:00:40 (610 turns).

Alarkh the Slasher (Demonspawn Fighter)              Turns: 610, Time: 00:00:41

Health: 29/29      AC:  6    Str: 16    XL:     3   Next: 5%
Magic:  3/3        EV:  6    Int: 10    God:
Gold:   32         SH:  8    Dex: 12    Spells: 2/2 levels left

rFire    . . .     SeeInvis .   a - +0 long sword
rCold    . . .     Gourm    .   c - +0 shield
rNeg     . . .     Faith    .   b - +0 scale mail
rPois    .         Spirit   .   (no helmet)
rElec    .         Reflect  .   (no cloak)
rCorr    .         Harm     .   (no gloves)
MR       .....                  (no boots)
Stlth    +.........             j - amulet of inaccuracy (curse)
HPRegen  0.09/turn              (no ring)
MPRegen  0.08/turn              (no ring)

@: no status effects
A: nightstalker 1
a: no special abilities


You escaped.
You were not hungry.

You visited 1 branch of the dungeon, and saw 1 of its levels.

You collected 32 gold pieces.

Inventory:

Hand Weapons
 a - a +0 long sword (weapon)
Armour
 b - a +0 scale mail (worn)
 c - a +0 shield (worn)
Jewellery
 j - a cursed amulet of inaccuracy (around neck)
Scrolls
 h - a scroll of remove curse {unknown}
 i - a scroll of enchant weapon {unknown}
Potions
 e - a potion of flight {unknown}
 g - a potion of heal wounds {unknown}
Comestibles
 d - 4 chunks of flesh
 f - 3 rations


   Skills:
 - Level 3.0 Fighting
 + Level 3.2 Long Blades
 - Level 2.6 Armour
 - Level 2.6 Shields


You had 2 spell levels left.
You didn't know any spells.
Your spell library was empty.

Dungeon Overview and Level Annotations

Branches:
Dungeon (1/15)

Altars:


Innate Abilities, Weirdness & Mutations

You are slightly more attuned to the shadows.


Message History

No target in view!
No target in view!
No target in view!
No target in view!
d - 2 chunks of flesh (gained 1)
You see here a bat skeleton. x2
j - a glowing amethyst amulet Oops, that amulet feels deathly cold.
j - a cursed amulet of inaccuracy (around neck)
d - 4 chunks of flesh (gained 2)
You see here a hobgoblin skeleton. x2
You see here a frilled lizard skeleton.
There is an open door here.
There is an open door here.
There is an open door here.
There is an open door here.
There is an open door here.
There is a staircase leading out of the dungeon here.
Are you sure you want to leave the Dungeon?
This will make you lose the game!
You have escaped!

###########
#.........####
..####'####...##
#...# ####.##
#...# ##.#
###'### #.##
##.....## ##.#
#.......# #.###
+...@...+
#...####
#.......#
#.#.....
##.....##
#.#..... ###+###
.##..... #.
#####. .# ## .#
# #######
############
......#######
##.........##


There were no monsters in sight!

Vanquished Creatures
  2 gnolls (D:1)
  A bat (D:1)
  2 hobgoblins (D:1)
  3 jackals (D:1)
  2 frilled lizards (D:1)
  A rat (D:1)
11 creatures vanquished.

Notes
Turn   | Place    | Note
-------+----------+-------------------------------------------
     0 | D:1      | Alarkh the Demonspawn Fighter began the quest for the Orb.
     0 | D:1      | Reached XP level 1. HP: 18/18 MP: 1/1
    41 | D:1      | Gained mutation: You are slightly more attuned to the
                  | shadows. [demonic ancestry]
    41 | D:1      | Reached XP level 2. HP: 3/24 MP: 2/2
   477 | D:1      | Reached XP level 3. HP: 25/29 MP: 3/3
   610 | D:$      | Got out of the dungeon alive.

Levels and vault maps discovered:
D:1:      dpeg_arrival_another_circle, layout_basic,
          hangedman_abyss_or_decor_lesser_grid, chequers_serial_rivers_micro_c,
          minmay_misc_feat_x, minmay_tiny_reverse_x

Skill      XL: |  1  2 |
---------------+-------+-----
Long Blades    | 2 3 |  3.2
Fighting       | |  3.0
Armour         | |  2.6
Shields        | |  2.6

Action                   || total
-------------------------++-------
Melee: Long sword        ||    53
  Use: Potion            ||     1
Armor: Scale mail        ||    49
Dodge: Dodged            ||    13
Block: Shield            ||    42
       Rpst.: Long sword ||     4

Table legend:
 A = Non-vault XP
 B = Vault XP
 C = Vault XP percentage of total XP
 D = Non-vault monster count
 E = Vault monster count
 F = Vault count percentage of total count
                 A         B        C        D         E       F
            +---------+---------+-------+---------+---------+-------
      Total |      44 |       0 |   0.0 |      11 |       0 |   0.0
            +---------+---------+-------+---------+---------+-------
        D:1 |      44 |       0 |   0.0 |      11 |       0 |   0.0
            +---------+---------+-------+---------+---------+-------
